 Dungeon Crawl Stone Soup version 0.17-a0-547-g5e20af8 (webtiles) character file.

249 nubinia the Conjurer (level 5, -6/28 HPs)
             Began as a Deep Elf Conjurer on Apr 13, 2015.
             Was an Initiate of Sif Muna.
             Killed by divine providence
             ... invoked by an orc priest
              (10 damage)
             ... on level 4 of the Dungeon.
             The game lasted 00:19:53 (3809 turns).

nubinia the Conjurer (Deep Elf Conjurer)            Turns: 3809, Time: 00:19:53

Health: -6/28      AC:  4    Str:  5    XL:     5   Next: 87%
Magic:  6/14       EV: 13    Int: 21    God:    Sif Muna [......]
Gold:   174        SH:  0    Dex: 15    Spells: 2 memorised, 10 levels left

rFire  + . .     SeeInvis .     y - +0 falchion (slice)
rCold  . . .     Clarity  .     j - +1 robe {rF+}
rNeg   . . .     SustAb   .     (no shield)
rPois  .         Gourm    .     (no helmet)
rElec  .         Spirit   .     (no cloak)
rCorr  .         Warding  .     x - +0 pair of gloves
rMut   +         Stasis   .     (no boots)
MR     .....                    i - amulet of resist mutation
Stlth  ++........               (no ring)
                                l - ring of flight (curse)

@: very slightly contaminated, not resistant to hostile enchantments, unstealthy
A: no striking features
a: Renounce Religion, Evoke Flight


You were on level 4 of the Dungeon.
You worshipped Sif Muna.
Sif Muna was noncommittal.
You were hungry.

You visited 1 branch of the dungeon, and saw 4 of its levels.

You collected 174 gold pieces.

Inventory:

Hand weapons
 d - a +0 dagger
 n - a +2 great sword of protection
 y - a +0 falchion of slicing (weapon)
Armour
 a - a +0 robe
 j - a +1 robe of fire resistance (worn)
 s - a cursed +0 robe
 x - a +0 pair of gloves (worn)
 z - a +0 helmet
Jewellery
 i - an amulet of resist mutation (around neck)
 l - a cursed ring of flight (left hand)
Scrolls
 e - 3 scrolls of teleportation
 h - a scroll of enchant armour {unknown}
 m - a scroll of remove curse {unknown}
 q - a scroll of enchant weapon {unknown}
 r - a scroll of identify {unknown}
 w - a scroll of fear {unknown}
Potions
 f - 6 potions of curing
 g - a potion of haste {unknown}
 k - a potion of restore abilities {unknown}
 o - a potion of magic
 p - a potion of poison {unknown}
 t - a potion of might {unknown}
 v - a potion of lignification {unknown}
Books
 c - a book of Conjurations

   Spells                             Type                      Level
   a - Magic Dart                     Conjuration                  1
   b - Searing Ray                    Conjuration                  2
   c - Dazzling Spray                 Conjuration/Hexes            3
   d - Fulminant Prism                Conjuration/Hexes            4
   e - Iskenderun's Mystic Blast      Conjuration                  4
   f - Iskenderun's Battlesphere      Conjuration/Charms           5
Comestibles
 b - a bread ration
 u - 3 chunks of flesh


   Skills:
 + Level 2.8 Dodging
 + Level 3.3 Stealth
 * Level 5.0 Spellcasting
 * Level 6.2 Conjurations
 * Level 2.5 Hexes


You had 10 spell levels left.
You knew the following spells:

 Your Spells              Type           Power        Failure   Level  Hunger
a - Magic Dart            Conj           ####         1%          1    None
b - Dazzling Spray        Conj/Hex       ###.....     6%          3    ##.....


Dungeon Overview and Level Annotations

Branches:
Dungeon (4/15)             Temple (0/1) D:4

Altars:
Kikubaaqudgha
Nemelex Xobeh
Sif Muna

Annotations:
D:3 Fluffy's ghost, average DsGl


Message History

You kill the orc priest!
Your Spellcasting skill increases to level 5!
The orc priest moves out of view.
The orc misses you.
You hit the orc.
You kill the orc!
You hit the orc but do no damage. The orc completely misses you.
The orc barely misses you.
You barely miss the orc. The orc misses you.
You closely miss the orc.
The orc hits you with a mace of protection.
You barely miss the orc. The orc completely misses you.
You closely miss the orc.
The orc priest invokes the aid of Beogh against you.
Something smites you!
* * * LOW HITPOINT WARNING * * *
The orc hits you with a mace of protection.
* * * LOW HITPOINT WARNING * * *
The orc priest calls down the wrath of Beogh upon you.
Something smites you!
You die...

#.........#..........##.###
#.........# .......#.##.#
#.........#........#.##.#
#.........+........#..#.#
#.........###.8.#'###÷#.###
############......# #......
#8.>.8'###.#.###
########..........#.#
#...oo@.#.8.#.....#.#
#.%..####.#....)...)# #...
####.........).# #..
+..†..##'####))## #.
#####.##......[.# #
#.##..###..... #.##...
#.#.#. #.###†#.#_#.#. +.#
...#.#..


You could see an orc priest and an orc.

Vanquished Creatures
  3 orc priests
  A hound skeleton (D:4)
  Robin (D:4)
  3 adders
  3 worms
  3 giant geckos
  2 oozes
  3 orcs
  2 bat skeletons (D:4)
  2 giant cockroaches
  10 hobgoblins
  10 jackals
  9 kobolds
  2 quokkas
  2 ball pythons
  6 bats
  3 giant newts
  15 goblins
  11 rats
91 creatures vanquished.

Notes
Turn   | Place    | Note
--------------------------------------------------------------
     0 | D:1      | nubinia, the Deep Elf Conjurer, began the quest for the Orb.
     0 | D:1      | Reached XP level 1. HP: 10/10 MP: 6/6
   193 | D:1      | Reached XP level 2. HP: 15/15 MP: 5/8
   392 | D:1      | Reached skill level 5 in Conjurations
   937 | D:1      | Reached XP level 3. HP: 19/19 MP: 6/9
   942 | D:1      | Learned a level 3 spell: Dazzling Spray
  1163 | D:2      | Reached skill level 1 in Hexes
  1849 | D:2      | Reached XP level 4. HP: 24/24 MP: 4/11
  2346 | D:2      | Found an ancient bone altar of Kikubaaqudgha.
  2346 | D:2      | Found a deep blue altar of Sif Muna.
  2444 | D:2      | Became a worshipper of Sif Muna the Loreminder
  2505 | D:3      | Noticed Fluffy's ghost (average DsGl)
  2772 | D:3      | Reached XP level 5. HP: 28/28 MP: 2/12
  3375 | D:4      | Reached skill level 6 in Conjurations
  3719 | D:4      | Found a sparkling altar of Nemelex Xobeh.
  3720 | D:4      | Noticed Robin
  3723 | D:4      | Killed Robin
  3770 | D:4      | Found a staircase to the Ecumenical Temple.
  3803 | D:4      | Reached skill level 5 in Spellcasting
  3809 | D:4      | Killed from afar by an orc priest

Action                   |  1- 3 |  4- 6 || total
-------------------------+-------+-------++-------
Melee: Dagger            |    20 |    15 ||    35
       Falchion          |       |     9 ||     9
 Cast: Magic Dart        |    88 |    89 ||   177
       Dazzling Spray    |     2 |     4 ||     6
  Use: Potion            |     2 |       ||     2
       Scroll            |       |     1 ||     1
 Stab: Sleeping          |     1 |       ||     1
  Eat: Chunk             |     2 |     5 ||     7
       Beef jerky        |       |     1 ||     1
